 Dungeon Crawl Stone Soup version 0.29.1-12-g30fa7ad0bf (webtiles) character file.

Game seed: 8319272380133592592

109 cowcol the Chopper (level 4, -2/41 HPs)
             Began as a Minotaur Monk on Jan 4, 2023.
             Slain by a gnoll
             ... wielding a +0 halberd
              (6 damage)
             ... on level 2 of the Dungeon.
             The game lasted 00:05:12 (2238 turns).

cowcol the Chopper (Minotaur Monk)                  Turns: 2238, Time: 00:05:12

Health: -2/41      AC:  5    Str: 24    XL:     4   Next: 60%
Magic:  3/3        EV: 10    Int:  7    God:
Gold:   114        SH:  6    Dex: 12    Spells: 3/3 levels left

rFire   + . .      SeeInvis .   a - +0 war axe
rCold   . . .      Faith    .   s - +0 kite shield
rNeg    . . .      Spirit   .   p - +0 ring mail
rPois   .          Reflect  .   (helmet restricted)
rElec   .          Harm     .   (no cloak)
rCorr   .          Rampage  .   (no gloves)
Will    .....                   (no boots)
Stlth   +.........              (no amulet)
HPRegen 0.13/turn               l - ring of protection from fire
MPRegen 0.08/turn               q - +6 ring of strength

@: no status effects
A: horns 2, retaliatory headbutt
a: no special abilities


You were on level 2 of the Dungeon.
You visited 1 branch of the dungeon, and saw 2 of its levels.

You collected 114 gold pieces.

Inventory:

Hand Weapons
 a - a +0 war axe (weapon)
 f - a +0 club
 g - a +0 hand axe
 h - a +1 whip of electrocution
 i - a +0 halberd
 j - a +0 dagger
 m - a +0 rapier
 n - a +0 short sword
Armour
 b - a +0 robe
 p - a +0 ring mail (worn)
 s - a +0 kite shield (worn)
Jewellery
 d - an amulet of faith
 l - a ring of protection from fire (left hand)
 q - a +6 ring of strength (right hand)
Potions
 c - a potion of ambrosia
 e - a potion of cancellation {unknown}
 k - 2 potions of haste {unknown}
 o - a potion of curing {unknown}
 r - 2 potions of degeneration {unknown}


   Skills:
 + Level 4.5 Fighting
 * Level 1.5 Short Blades
 + Level 4.7 Axes
 + Level 0.4 Throwing
 + Level 1.1 Armour
 + Level 3.7 Dodging
 + Level 1.8 Stealth


You had 3 spell levels left.
You didn't know any spells.
Your spell library was empty.

Dungeon Overview and Level Annotations

Branches:
Dungeon (2/15)

Altars:

Annotations:
D:2 Robin


Innate Abilities, Weirdness & Mutations

You have a pair of horns on your head.
You reflexively headbutt those who attack you in melee.


Message History

You start putting on your armour.
You continue putting on your +0 kite shield. x4
You finish putting on your +0 kite shield.
You start resting.
HP restored.
You start waiting.
Done waiting.
You start waiting.
Done waiting.
Done exploring.
There is a stone staircase leading down here.
You climb downwards.
Level annotation: Robin
There is a stone staircase leading up here.
Robin roars a battlecry!
Items here: ))))) รท.
You hit Robin but do no damage. Robin barely misses you.
Robin hits you with a +0 dagger.
You barely miss Robin.
You hear a shout!
Robin roars a battlecry!
The gnoll hits you from afar with a +0 halberd!
You hear a shout! x3
You closely miss Robin. Your headbutt misses Robin.
The gnoll closely misses you. You block the gnoll's attack.
Robin throws the goblin at you! The goblin barely misses you.
You furiously retaliate!
You headbutt the goblin!
You kill the goblin!
A kobold comes into view. It is wielding a +0 whip.
The goblin shoots a sling bullet.
The sling bullet barely misses you.
The gnoll hits you from afar with a +0 halberd!
Robin barely misses you.
The gnoll hits you from afar with a +0 halberd!
* * * LOW HITPOINT WARNING * * *
You slash Robin! Your headbutt misses Robin.
Robin is heavily wounded.
The goblin shoots a sling bullet.
The sling bullet hits you.
* * * LOW HITPOINT WARNING * * *
The gnoll hits you from afar with a +0 halberd.
You die...

#### #>.. .... #..# #..# #
#..####..#.# #.#
#.....#..#.# ####.#
#...#.#.... ..#.#
#...#.#..######.#.# .
#.#.).#.........#.##.
#)#<@..)...g.........
#.###g#..#.####)#....
#######'#..ggK.#.#......###
#...........#..#.#..#...<..
#.......g####..#.#.########
#.......g'g....#.#.........
#......g.#####.#.##########
#........# #.#.# #......
#........# .. #......


You could see Robin, 2 gnolls, a goblin (strong) and a kobold.

Vanquished Creatures
  An adder (D:2)
  5 gnolls
  2 worms (D:2)
  2 dart slugs
  4 ball pythons
  2 endoplasms
  2 giant cockroaches (D:2)
  12 goblins
  2 hobgoblins (D:1)
  A quokka (D:2)
  2 bats (D:1)
  A frilled lizard (D:1)
  3 kobolds (D:1)
  3 rats
42 creatures vanquished.

Notes
Turn   | Place    | Note
-------+----------+-------------------------------------------
     0 | D:1      | cowcol the Minotaur Monk began the quest for the Orb.
     0 | D:1      | Reached XP level 1. HP: 19/19 MP: 0/0
   178 | D:1      | Reached XP level 2. HP: 17/27 MP: 1/1
   818 | D:1      | Found a faded altar of an unknown god.
   936 | D:2      | Reached XP level 3. HP: 20/33 MP: 2/2
  1125 | D:2      | Reached skill level 1 in Short Blades
  1125 | D:2      | Reached XP level 4. HP: 25/41 MP: 3/3
  1520 | D:2      | Noticed Robin
  1886 | D:1      | Reached skill level 1 in Armour
  2238 | D:2      | Slain by a gnoll

Illustrated notes

Levels and vault maps discovered:
D:1:      shiori_arrival_maze, layout_basic, dreamdust_ecumenical_altar_statues
D:2:      layout_basic, uniq_robin

Skill      XL: |  1  2  3  4 |
---------------+-------------+-----
Fighting       | 4 |  4.5
Axes           | 4 |  4.7
Short Blades   | 1 |  1.5
Armour         | 1 |  1.1
Throwing       | |  0.4
Dodging        | |  3.7
Stealth        | |  1.8

Action                   |  1- 3 |  4- 6 || total
-------------------------+-------+-------++-------
Melee: Hand axe          |    54 |    18 ||    72
       Headbutt          |    11 |     5 ||    16
       War axe           |       |    26 ||    26
Throw: Stone             |    13 |       ||    13
  Use: Scroll            |       |     1 ||     1
 Stab: Sleeping          |     1 |       ||     1
Armor: Robe              |     4 |       ||     4
       Ring mail         |     3 |    15 ||    18
Dodge: Dodged            |    27 |    41 ||    68
Block: Kite shield       |       |     1 ||     1
